 Dungeon Crawl Stone Soup version 0.28-a0-983-g1de4e0787c (webtiles) character file.

Game seed: 9428847715523542152

47 Anon1729 the Poker (level 3, -1/30 HPs)
             Began as a Merfolk Monk on Dec 2, 2021.
             Was a Believer of Qazlal.
             Slain by Terence (9 damage)
             ... on level 2 of the Dungeon.
             The game lasted 00:01:55 (1604 turns).

Anon1729 the Poker (Merfolk Monk)                   Turns: 1604, Time: 00:01:56

Health: -1/30      AC:  3    Str: 13    XL:     3   Next: 70%
Magic:  3/3        EV: 14    Int:  9    God:    Qazlal [**....]
Gold:   12         SH:  3    Dex: 16    Spells: 2/2 levels left

rFire   . . .      SeeInvis .   a - +0 spear
rCold   . . .      Faith    .   (no shield)
rNeg    . . .      Spirit   .   b - +0 robe
rPois   .          Reflect  .   h - +0 helmet
rElec   .          Harm     .   (no cloak)
rCorr   .          Rampage  .   (no gloves)
Will    .....                   (no boots)
Stlth   ++........              (no amulet)
HPRegen 0.10/turn               (no ring)
MPRegen 0.08/turn               (no ring)

@: no status effects
A: (nimble swimmer 2), mertail
a: Renounce Religion, Upheaval


You were on level 2 of the Dungeon.
You worshipped Qazlal.
Qazlal was pleased with you.
You visited 1 branch of the dungeon, and saw 2 of its levels.

You collected 56 gold pieces.
You spent 44 gold pieces at shops.

Inventory:

Hand Weapons
 a - a +0 spear (weapon)
Armour
 b - a +0 robe (worn)
 h - a +0 helmet (worn)
Scrolls
 d - a scroll of identify {unknown}
 e - a scroll of magic mapping {unknown}
 f - a scroll of noise {unknown}
 i - a scroll of immolation {unknown}
Potions
 c - 3 potions of curing
 g - a potion of mutation {unknown}


   Skills:
 + Level 3.8 Fighting
 + Level 5.1 Polearms
 + Level 4.6 Dodging
 + Level 3.0 Stealth


You had 2 spell levels left.
You didn't know any spells.
Your spell library contained the following spells:

 Spells                   Type           Power      Damage    Failure   Level
 Freeze                   Ice            0%         1d3       38%         1
 Dazzling Flash           Conj/Hex       0%         N/A       77%         3
 Frozen Ramparts          Ice            0%         1d2       77%         3
 Hailstorm                Conj/Ice       0%         3d3       99%         4
 Agony                    Necr           0%         N/A       100%        5
 Silence                  Hex/Air        0%         N/A       100%        5


Dungeon Overview and Level Annotations

Branches:
Dungeon (2/15)

Altars:
Qazlal

Shops:
D:2 !

Annotations:
D:2 Terence


Innate Abilities, Weirdness & Mutations

((You are quick and stealthy near water. (Stealth+, EV+, Speed+++)))
Your lower body shifts to a powerful aquatic tail in water.


Message History

There is an open door here.
Terence says, "Rest in peace."
You close the door.
Terence opens the door.
There is an entrance to Mountouss's Distillery here.
You see here a potion of degeneration.
You hit Terence but do no damage.
Terence is moderately wounded.
Terence hits you with a +3 mace.
You hit Terence but do no damage.
Terence is moderately wounded.
Terence hits you with a +3 mace.
You are too injured to fight recklessly!
You are too injured to fight recklessly!
You barely miss Terence.
Terence is moderately wounded.
Terence closely misses you.
You hit Terence.
Terence is moderately wounded.
Terence says, "Don't bother to defend, it's useless."
Terence closely misses you.
You closely miss Terence.
Terence is moderately wounded.
You block Terence's attack.
You hit Terence but do no damage.
Terence is moderately wounded.
You hit Terence but do no damage.
Terence is moderately wounded.
Terence hits you with a +3 mace.
You hit Terence but do no damage.
Terence is moderately wounded.
You block Terence's attack.
You barely miss Terence.
Terence is moderately wounded.
Terence hits you with a +3 mace.
* * * LOW HITPOINT WARNING * * *
You hit Terence.
Terence is moderately wounded.
Terence hits you with a +3 mace!
You die...

#.#......#
####.#......##
#.####...............
#...............####
#.####..#.##.....#
###'#......###
#8≈.###.####
#≈≈.###.# +.°@..+.#
###@°≈# #.≈8# ##'###
#..# #.## #.#
#########
#.#########........
#....@......######.


You could see Terence.

Vanquished Creatures
  2 adders (D:2)
  A dart slug (D:2)
  An endoplasm (D:1)
  A giant cockroach (D:2)
  2 goblins (D:1)
  A hobgoblin (D:1)
  4 jackals (D:1)
  2 quokkas
  2 ball pythons (D:1)
  6 bats
  A frilled lizard (D:1)
  A kobold (D:1)
  A rat (D:2)
25 creatures vanquished.

Notes
Turn   | Place    | Note
-------+----------+-------------------------------------------
     0 | D:1      | Anon1729 the Merfolk Monk began the quest for the Orb.
     0 | D:1      | Reached XP level 1. HP: 18/18 MP: 1/1
   429 | D:1      | Reached XP level 2. HP: 21/24 MP: 2/2
  1175 | D:2      | Reached XP level 3. HP: 16/30 MP: 3/3
  1352 | D:2      | Found a faded altar of an unknown god.
  1359 | D:2      | Reached skill level 5 in Polearms
  1364 | D:2      | Prayed at the altar of an unknown god.
  1364 | D:2      | Became a worshipper of Qazlal Stormbringer
  1364 | D:2      | Reached * piety under Qazlal
  1364 | D:2      | Reached ** piety under Qazlal
  1467 | D:2      | Found Mountouss's Distillery.
  1472 | D:2      | Bought a potion of curing for 33 gold pieces
  1472 | D:2      | Bought a potion of degeneration for 11 gold pieces
  1485 | D:2      | Noticed Terence
  1604 | D:2      | Slain by Terence

Illustrated notes

Levels and vault maps discovered:
D:1:      sevenhm_arrival_forest_fort_large_2, layout_basic
D:2:      layout_loops_ring, hellmonk_ecumenical_altar_zigzags, serial_shops,
          nicolae_shop_hallway_plus, uniq_terence

Skill      XL: |  1  2  3 |
---------------+----------+-----
Polearms       | 5 |  5.1
Stealth        | 3 |  3.0
Fighting       | |  3.8
Dodging        | |  4.6

Action                   || total
-------------------------++-------
Melee: Spear             ||   126
 Stab: Sleeping          ||     5
Armor: Robe              ||    24
Dodge: Dodged            ||    79
Block: Other             ||     6

Table legend: (Time is in decaauts)
 A = Elapsed time spent in this place.
 B = Non-inter-level travel time spent in this place.
 C = Inter-level travel time spent in this place.
 D = Time resting spent in this place.
 E = Time spent auto-exploring this place.
 F = Levels seen in this place.
 G = Mean time per level.
                   A        B        C        D        E       F      G
               +--------+--------+--------+--------+--------+-----+--------+
         Total |   1586 |   1555 |     31 |     82 |   1154 |   2 |  793.0 |
       Dungeon |   1586 |   1555 |     31 |     82 |   1154 |   2 |  793.0 |
               +--------+--------+--------+--------+--------+-----+--------+

Top non-repeatable levels by time:
     D:1: 1102 daAuts
     D:2: 484 daAuts
